 Dungeon Crawl Stone Soup version 0.29.1-12-g30fa7ad0bf (webtiles) character file.

Game seed: 6743228025026728437

21 Descartes the Firebug (level 2, 0/22 HPs)
             Began as a Naga Fire Elementalist on Jan 14, 2023.
             Slain by a hobgoblin (3 damage)
             ... on level 2 of the Dungeon.
             The game lasted 00:01:57 (747 turns).

Descartes the Firebug (Naga Fire Elementalist)       Turns: 747, Time: 00:01:57

Health: 0/22       AC:  2    Str: 10    XL:     2   Next: 83%
Magic:  1/5        EV:  9    Int: 15    God:
Gold:   55         SH:  5    Dex: 11    Spells: 4/5 levels left

rFire   . . .      SeeInvis +   (no weapon)
rCold   + . .      Faith    .   (no shield)
rNeg    . . .      Spirit   .   a - +0 robe
rPois   +          Reflect  +   (no helmet)
rElec   .          Harm     .   (no cloak)
rCorr   .          Rampage  .   f - +0 pair of gloves
Will    .....                   (no barding)
Stlth   ++........              g - amulet of reflection
HPRegen 0.07/turn               d - ring of protection from cold
MPRegen 0.09/turn               (no ring)

@: very slow
A: AC +0, large, see invisible, deformed body, poison resistance, slowness 2,
spit poison 1, naga tail 1
a: Spit Poison


You were on level 2 of the Dungeon.
You visited 1 branch of the dungeon, and saw 2 of its levels.

You collected 55 gold pieces.

Inventory:

Armour
 a - a +0 robe (worn)
 f - a +0 pair of gloves (worn)
Jewellery
 d - a ring of protection from cold (left hand)
 g - an amulet of reflection (around neck)
Scrolls
 c - a scroll of noise {unknown}
Potions
 b - a potion of magic
 e - a potion of lignification {unknown}


   Skills:
 - Level 1.5 Dodging
 - Level 3.0 Stealth
 + Level 2.2 Spellcasting
 + Level 1.5 Conjurations
 + Level 3.2 Fire Magic
 + Level 1.3 Poison Magic


You had 4 spell levels left.
You knew the following spells:

 Your Spells              Type           Power      Damage    Failure   Level
a - Foxfire               Conj/Fire      32%        2x1d5     9%          1

Your spell library contained the following spells:

 Spells                   Type           Power      Damage    Failure   Level
 Scorch                   Fire           22%        2d6       9%          2
 Conjure Flame            Conj/Fire      8%         6-21      24%         3
 Inner Flame              Hex/Fire       6%         N/A       32%         3
 Flame Wave               Conj/Fire      8%         2d5       63%         4


Dungeon Overview and Level Annotations

Branches:
Dungeon (2/15)

Altars:


Innate Abilities, Weirdness & Mutations

Your serpentine skin is tough. (AC +0)
You have supernaturally acute eyesight. (SInv)
Armour fits poorly on your strangely shaped body.
Your system is resistant to poisons. (rPois)
You cover ground very slowly.
You can spit poison.
You have a snake-like lower body.


Message History

You hit the worm but do no damage.
The worm is heavily wounded.
The worm bites you.
You hit the worm but do no damage.
The worm is moderately wounded.
You hit the worm.
The worm is heavily wounded.
The worm barely misses you.
Casting: Foxfire (safe; 9% risk of failure)
Confirm with . or Enter, or press ? or * to list all spells.
You conjure some foxfire!
The foxfire hits the worm but does no damage.
The worm is moderately wounded.
The foxfire hits the worm but does no damage.
The worm is moderately wounded.
The worm bites you.
Casting: Foxfire (safe; 9% risk of failure)
Confirm with . or Enter, or press ? or * to list all spells.
You don't have enough magic to cast this spell.
You hit the worm.
The worm is heavily wounded.
You block the worm's attack.
You barely miss the worm.
The worm is moderately wounded.
You hit the worm but do no damage.
The worm is moderately wounded.
The worm bites you.
* * * LOW HITPOINT WARNING * * *
You barely miss the worm.
The worm is moderately wounded.
A hobgoblin comes into view.
The hobgoblin shouts!
You hear a shout!
You hear an angry hiss.
The hobgoblin misses you.
Found a book of Unlife.
The hobgoblin barely misses you.
A ball python comes into view.
The hobgoblin closely misses you. The hobgoblin attacks as you move away!
The hobgoblin hits you.
* * * LOW HITPOINT WARNING * * *
The hobgoblin attacks as you move away! The hobgoblin hits you.
You die...

#..#.# #.# # .
#..... #†#.#..##
.##..S.# ##.#.#....
. ......# #.).......
:.##.#..####..#.#...
..............#....#
#............#
###..####..#.#.#
#..wg@.......#
#.#####.<#.### #.
#..#.###
..#####......#
####.....##.#.#
#.##### .# #.# # #.#
##### ##.######<


You could see a worm and a hobgoblin.

Vanquished Creatures
  An adder (D:2)
  A ball python (D:2)
  An endoplasm (D:1)
  A giant cockroach (D:1)
  A goblin (D:1)
  A quokka (D:1)
  2 bats
  2 kobolds
  A rat (D:1)
11 creatures vanquished.

Vanquished Creatures (others)
  41 foxfires
41 creatures vanquished.

Grand Total: 52 creatures vanquished

Notes
Turn   | Place    | Note
-------+----------+-------------------------------------------
     0 | D:1      | Descartes the Naga Fire Elementalist began the quest for
                  | the Orb.
     0 | D:1      | Reached XP level 1. HP: 15/15 MP: 3/3
   360 | D:1      | Reached XP level 2. HP: 22/22 MP: 1/5
   489 | D:1      | You fall into a shaft and drop 1 floor!
   715 | D:2      | Reached skill level 1 in Poison Magic
   747 | D:2      | Slain by a hobgoblin

Illustrated notes

Levels and vault maps discovered:
D:1:      nicolae_arrival_washed_ashore, layout_basic,
          ebering_ecumenical_altar_abandoned
D:2:      layout_loops_ring

Skill      XL: |  1  2 |
---------------+-------+-----
Poison Magic   | 1 |  1.3
Dodging        | |  1.5
Stealth        | |  3.0
Spellcasting   | |  2.2
Conjurations   | |  1.5
Fire Magic     | |  3.2

Action                   || total
-------------------------++-------
Melee: Unarmed           ||    17
 Cast: Foxfire           ||    26
Armor: Robe              ||     4
Dodge: Dodged            ||     9
Block: Other             ||     3
